 Dungeon Crawl Stone Soup version 0.30.0-19-g36f170ea60 (webtiles) character file.

Game seed: 17749314589691897294

42 monsoonserge the Caller (level 3, 14/14 HPs)
             Began as a Felid Summoner on May 28, 2023.
             Quit the game on level 2 of the Dungeon.
             The game lasted 00:04:36 (633 turns).

monsoonserge the Caller (Felid Summoner)             Turns: 633, Time: 00:04:37

Health: 14/14      AC:  1    Str: 10    XL:     3   Next: 33%
Magic:  7/7        EV: 18    Int: 16    God:
Gold:   86         SH:  0    Dex: 18    Spells: 3/6 levels left
                                        Lives:  0   Deaths: 0

rFire   . .          .
                       - Unarmed
rCold   . . .        (shield unavailable)
rNeg    . . .        (body armour unavailable)
rPois   .            (helmet unavailable)
rElec   .            (cloak unavailable)
rCorr   .            (gloves unavailable)
SInv    +            (boots unavailable)
Will    .....        (no amulet)
Stlth   ++           d - +6 ring of strength
HPRegen 0.22/turn    (no ring)
MPRegen 0.10/turn

%: no passive effects
@: quick
A: very small, claws 1, fangs 3, see invisible, speed 1, shaggy fur 1, stealthy
paws, no weapons or thrown items, no armour, multi-lived
a: no special abilities


You were on level 2 of the Dungeon.
You visited 1 branch of the dungeon, and saw 2 of its levels.

You collected 86 gold pieces.

Inventory:

Jewellery
 d - a +6 ring of strength (left paw)
Potions
 a - a potion of magic
 b - 2 potions of attraction {unknown}
 c - a potion of curing {unknown}


   Skills:
 + Level 0.1 Fighting
 + Level 3.1 Dodging
 - Level 3.0 Stealth
 + Level 1.0 Unarmed Combat
 - Level 2.0 Spellcasting
 + Level 4.7 Summonings


You had 3 spell levels left.
You knew the following spells:

 Your Spells              Type           Power      Damage    Failure   Level
a - Summon Small Mammal   Summ           64%        N/A       3%          1
b - Call Imp              Summ           32%        N/A       4%          2

Your spell library contained the following spells:

 Spells                   Type           Power      Damage    Failure   Level
 Call Canine Familiar     Summ           16%        N/A       9%          3
 Summon Guardian Golem    Hex/Summ       9%         N/A       24%         3
 Summon Lightning Spire   Summ/Air       9%         N/A       61%         4


Dungeon Overview and Level Annotations

Branches:
Dungeon (2/15)

Altars:


Innate Abilities, Weirdness & Mutations

You have sharp claws.
You have razor-sharp teeth.
You have supernaturally acute eyesight. (SInv)
You cover ground quickly. (Speed+)
You are covered in fur. (AC +1)
Your paws help you pounce on unaware monsters.
You are incapable of wielding weapons or throwing items.
You cannot wear armour.
You gain extra lives every three experience levels.


Message History

You pounce on the unaware helpless frilled lizard!
You claw the frilled lizard!
You kill the frilled lizard!
The dart slug launches a dart at you. The slug dart misses you.
You scratch the dart slug. You bite the dart slug.
The dart slug is severely wounded.
You scratch the dart slug.
You kill the dart slug!
Your Dodging skill increases to level 3!
You see here a dart slug corpse.
A ball python comes into view.
Found a scroll labelled UHETAS ZIOTIU.
Found a copper ring and 15 gold pieces.
There is a stone staircase leading up here.
You pounce on the unaware helpless frilled lizard!
You claw the frilled lizard!
You kill the frilled lizard!
The ball python closely misses you. The ball python barely misses you.
You barely miss the ball python. The ball python misses you.
The ball python barely misses you.
You closely miss the ball python. The ball python closely misses you.
The ball python completely misses you.
You scratch the ball python but do no damage.
You bite the ball python.
You kill the ball python!
You see here a ball python corpse.
You now have 71 gold pieces (gained 7).
There are no items here.
There is a stone staircase leading up here.
An endoplasm comes into view.
You see here a +6 ring of strength.
d - a +6 ring of strength You feel stronger.
d - a +6 ring of strength (left paw)
You now have 86 gold pieces (gained 15).
There are no items here.
The endoplasm quivers.
There is a stone staircase leading up here.
Are you sure you want to abandon this character and quit the game? (Confirm with "yes".)

#####..........#
#..........# P~
#.<..>.....# ~♣
#..........###.P P♣
.....[..(..........P
~♣♣
#..............#####
PP♣♣♣~~
#..####.......#.###
~~~P~~~ ..
#.........^.####PP~~~J.
# ..####..#@......#
#.## #....†.###.# #.
##.###.# #.......# #†#
#.# ####..... #..##.#
.... #?.~#.# ...
..♣P~.# .. .P~~P~# #
..♣~~~~#


There were no monsters in sight!

Vanquished Creatures
  A dart slug (D:2)
  3 giant cockroaches (D:1)
  3 goblins (D:1)
  4 hobgoblins (D:1)
  A jackal (D:1)
  A quokka (D:1)
  4 ball pythons
  2 frilled lizards (D:2)
  A kobold (D:1)
  3 rats (D:1)
23 creatures vanquished.

Vanquished Creatures (collateral kills)
  An endoplasm (D:1)
  2 goblins (D:1)
  2 jackals (D:1)
  A quokka (D:1)
  3 bats (D:1)
  A frilled lizard (D:1)
  A kobold (D:1)
  4 rats (D:1)
15 creatures vanquished.

Grand Total: 38 creatures vanquished

Notes
Turn   | Place    | Note
-------+----------+-------------------------------------------
     0 | D:1      | monsoonserge the Felid Summoner began the quest for the
                  | Orb.
     0 | D:1      | Reached XP level 1. HP: 7/7 MP: 4/4
    98 | D:1      | Reached XP level 2. HP: 7/11 MP: 4/6
   120 | D:1      | Learned a level 2 spell: Call Imp
   286 | D:1      | Reached XP level 3. HP: 14/14 MP: 2/7
   356 | D:1      | Reached skill level 1 in Unarmed Combat
   633 | D:2      | Quit the game

Illustrated notes

Levels and vault maps discovered:
D:1:      lemuel_arrival_funnel, layout_rooms
D:2:      layout_rooms, serial_bayou, serial_bayou_ford_a, serial_bayou_lake_a,
          serial_bayou_shore_b, serial_bayou_pond_c, serial_bayou_pond_c,
          serial_bayou_pond_b, serial_park_tiny_1, uniq_terence

Skill      XL: |  1  2  3 |
---------------+----------+-----
Stealth        | 3 |  3.0
Unarmed Combat | 1 |  1.0
Dodging        | 3 |  3.1
Fighting       | |  0.1
Spellcasting   | |  2.0
Summonings     | |  4.7

Action                     || total
---------------------------++-------
  Melee: Unarmed           ||    83
         Bite              ||    11
         Punch             ||     3
   Cast: Summon Small Mamm ||    17
         Call Imp          ||     4
   Stab: Sleeping          ||     3
         Distracted        ||     1
 Armour: Skin              ||     4
  Dodge: Dodged            ||    91
